 Dungeon Crawl Stone Soup version 0.28-a0-1510-gd0f6b136d3 (webtiles) character file.

Game seed: 5458266743098001409

1803 Shayle the Ducker (level 9, -7/66 HPs)
             Began as a Djinni Warper on Jan 15, 2022.
             Mangled by an orc warrior (9 damage)
             ... on level 7 of the Dungeon.
             The game lasted 00:16:00 (7172 turns).

Shayle the Ducker (Djinni Warper)                   Turns: 7172, Time: 00:16:01

Health: -7/66      AC:  5    Str: 10    XL:     9   Next: 30%
Gold:   223        EV: 13    Int: 20    God:
                   SH:  0    Dex: 12

rFire   + + .      SeeInvis .   q - +2 war axe (elec)
rCold   x . .      Faith    .   (no shield)
rNeg    . . .      Spirit   .   a - +0 leather armour
rPois   ∞          Reflect  .   (no helmet)
rElec   .          Harm     .   y - +0 cloak
rCorr   .          Rampage  .   g - +0 pair of gloves
Will    .....                   (boots unavailable)
Stlth   +.........              (no amulet)
HPRegen 0.21/turn               (no ring)
MPRegen 0.00/turn               (no ring)

@: mighty, lit by a corona, flying, glowing
A: sickness immunity, fire resistance 2, cold vulnerability 1, float, innate
caster, hp casting, extra vitality 1
a: no special abilities


You were on level 7 of the Dungeon.
You visited 1 branch of the dungeon, and saw 8 of its levels.
You also visited: Sewer.

You collected 223 gold pieces.

Inventory:

Hand Weapons
 e - a +2 short sword of protection
 p - a +0 whip of electrocution
 q - a +2 war axe of electrocution (weapon)
Missiles
 c - 2 boomerangs of dispersal
 i - 6 javelins
 j - 7 poisoned darts (quivered)
 k - 4 atropa-tipped darts
 u - a curare-tipped dart
 B - 4 boomerangs
Armour
 a - a +0 leather armour (worn)
 g - a +0 pair of gloves (worn)
 y - a +0 cloak (worn)
Scrolls
 b - a scroll of blinking
 o - a scroll of immolation
 s - a scroll of acquirement {unknown}
 v - a scroll of brand weapon {unknown}
 x - a scroll of magic mapping {unknown}
 A - 3 scrolls of identify
Potions
 d - a potion of brilliance {unknown}
 f - a potion of might
 h - a potion of attraction
 l - 5 potions of curing
 m - 2 potions of resistance {unknown}
 n - 3 potions of haste
 r - a potion of degeneration {unknown}
 t - 4 potions of mutation {unknown}
 w - a potion of cancellation {unknown}
 z - a potion of lignification {unknown}


   Skills:
 + Level 6.0 Fighting
 - Level 0.7 Throwing
 - Level 1.0 Armour
 + Level 6.6 Dodging
 + Level 6.0 Unarmed Combat
 + Level 5.0 Spellcasting


You couldn't memorise any spells.
You knew the following spells:

 Your Spells              Type           Power      Damage    Failure   Level
a - Blink                 Tloc           50%        N/A       3%          2
b - Lesser Beckoning      Tloc           25%        N/A       6%          3
c - Gell's Gravitas       Tloc           25%        N/A       6%          3
d - Teleport Other        Tloc           25%        N/A       6%          3
e - Manifold Assault      Tloc           25%        N/A       50%         5
f - Freeze                Ice            100%       1d11      1%          1
g - Passwall              Tmut/Erth      20%        N/A       3%          2
h - Conjure Flame         Conj/Fire      25%        6-21      6%          3
i - Confusing Touch       Hex            25%        N/A       6%          3
Your spell library was empty.

Dungeon Overview and Level Annotations

Branches:
Dungeon (8/15)              Sewer (visited)
 Temple: D:4-7         Lair: D:8-11

Altars:
Qazlal

Shops:
D:5 !

Annotations:
D:8 Pikel


Innate Abilities, Weirdness & Mutations

You are immune to sickness and miasma.
You are immune to poison.
Your flesh is very heat resistant. (rF++)
You are vulnerable to cold. (rC-)
You float through the air rather than walking.
You learn spells naturally, not from books.
Your magical power is your life essence.
You have superior vitality. (+4 MHP)


Message History

The gnoll's wounds heal themselves!
Maggie mutters to herself, "Master Lance won't take me back.
This is the way forward."
Maggie gestures at you while chanting. The bolt of fire hits you! You resist.
You slash Maggie!
Maggie is almost dead.
Maggie barely misses you.
A gnoll comes into view. It is wielding a +0 club.
Maggie closely misses you.
Unknown command.
The gnoll shouts!
You slash Maggie!
You break out of your daze!
You kill Maggie!
The gnoll closely misses you.
Your Fighting skill increases to level 6!
Your Unarmed Combat skill increases to level 6!
Your Spellcasting skill increases to level 5!
You fly upwards.
There is a stone staircase leading down here.
Unknown command.
You completely miss the orc warrior. The orc barely misses you.
The orc priest calls down the wrath of Beogh upon you.
Pain shoots through your body!
The orc warrior hits you with a +0 scimitar of venom.
You closely miss the orc priest. You barely miss the orc warrior.
You barely miss the orc. The orc closely misses you.
The orc priest calls down the wrath of Beogh upon you.
Beogh smites you!
* * * LOW HITPOINT WARNING * * *
The orc warrior hits you with a +0 scimitar of venom.
* * * LOW HITPOINT WARNING * * *
You slash the orc priest!
The orc priest is severely wounded.
You hit the orc warrior. You closely miss the orc.
The orc priest barely misses you. The orc hits you with a +0 war axe.
* * * LOW HITPOINT WARNING * * *
The orc warrior hits you with a +0 scimitar of venom!
You die...

#.#.#.# g....##....#
##.).##### .o.....##..#
#........# #g.o..(.....#
#.#.##.#.###o##.##.###.#
#.#.##...g.o....##.###.#
#.#....#(###.##.....†..#
#.#.##.#g.......##.#####
#.#.##o#o.##.......#
#...[>.@oo##$......#
#########.##....####
.#...#.########
.#...#........#
#........#####.#
###...##.##..... #...
#.##.##.. #... #.##.##..
.... .........


You could see an orc warrior, a gnoll shaman, an orc priest, a gnoll and 2 orcs.

Vanquished Creatures
  Maggie (D:8)
  Menkaure (D:5)
  An ice beast (D:5)
  A black bear (D:7)
  A sky beast (D:5)
  An ogre (D:7)
  A centaur (D:5)
  A kobold brigand (Sewer)
  2 bullfrogs (D:7)
  4 scorpions
  A water moccasin zombie (D:5)
  A killer bee (D:8)
  A howler monkey (D:7)
  A hound (D:5)
  A bullfrog skeleton (D:5)
  2 jellies
  A scorpion zombie (D:5)
  An iguana (D:7)
  A hound zombie (D:5)
  A hound skeleton (D:4)
  4 gnolls
  5 adders
  2 dart slugs (D:1)
  5 orcs (D:3)
  7 bats
  11 endoplasms
  5 giant cockroaches
  6 hobgoblins
  4 jackals
  11 kobolds
  9 quokkas
  13 ball pythons
  5 frilled lizards
  7 goblins
  3 rats (Sewer)
122 creatures vanquished.

Vanquished Creatures (others)
  2 fungi (Sewer)
  2 plants (Sewer)
4 creatures vanquished.

Grand Total: 126 creatures vanquished

Notes
Turn   | Place    | Note
-------+----------+-------------------------------------------
     0 | D:1      | Shayle the Djinni Warper began the quest for the Orb.
     0 | D:1      | Reached XP level 1. HP: 18/18 MP: 0/0
   614 | D:1      | Reached XP level 2. HP: 21/23 MP: 0/0
  1078 | D:2      | Reached XP level 3. HP: 26/29 MP: 0/0
  1078 | D:2      | Learned a level 1 spell: Freeze
  2127 | D:3      | Found a faded altar of an unknown god.
  2398 | D:3      | Reached XP level 4. HP: 32/34 MP: 0/0
  2548 | D:3      | Noticed a scorpion
  2563 | D:3      | Killed a scorpion
  2564 | D:3      | Reached XP level 5. HP: 23/40 MP: 0/0
  2564 | D:3      | Learned a level 2 spell: Passwall
  3088 | D:4      | Reached XP level 6. HP: 37/46 MP: 0/0
  3512 | D:4      | Found a glowing drain.
  3520 | Sewer    | Entered a sewer
  3750 | Sewer    | HP: 1/46 [kobold brigand (5)]
  3754 | Sewer    | Reached XP level 7. HP: 18/51 MP: 0/0
  3754 | Sewer    | Learned a level 3 spell: Conjure Flame
  4963 | D:5      | Entered Level 5 of the Dungeon
  4984 | D:5      | Found Kileech's Distillery.
  4984 | D:5      | Noticed a water moccasin
  5567 | D:5      | Reached skill level 5 in Dodging
  5567 | D:5      | Reached XP level 8. HP: 52/58 MP: 0/0
  6062 | D:5      | Noticed Menkaure
  6072 | D:5      | Killed Menkaure
  6073 | D:5      | Reached skill level 5 in Fighting
  6073 | D:5      | Reached skill level 5 in Unarmed Combat
  6312 | D:6      | You are sucked into a shaft and drop 2 floors!
  6327 | D:8      | Noticed Maggie
  6327 | D:8      | Noticed a yak
  6369 | D:8      | Found a stormy altar of Qazlal.
  6387 | D:8      | Noticed Pikel
  6804 | D:7      | Reached XP level 9. HP: 16/65 MP: 0/0
  6804 | D:7      | Learned a level 3 spell: Confusing Touch
  6805 | D:7      | HP: 2/65 [iguana (11)]
  7165 | D:8      | Killed Maggie
  7166 | D:8      | Reached skill level 5 in Spellcasting
  7172 | D:7      | HP: 2/66 [orc (4)]
  7172 | D:7      | Mangled by an orc warrior

Illustrated notes

Levels and vault maps discovered:
D:1:      doesnt_arrival_eight_statues, layout_basic, minmay_tromino_mix6
D:2:      layout_loops_cross
D:3:      minmay_general_purpose_star, layout_basic,
          hellmonk_ecumenical_altar_blasted
D:4:      layout_basic, portal_sewer_entry_f
D:5:      layout_basic, nicolae_take_the_stairs, uniq_menkaure
D:6:      lemuel_ice_spiral_2, layout_basic, overflow_temple_1_default,
          nicolae_wu_jian_immortal_techniques, temple_pool_b,
          kennysheep_generic_room_5
D:7:      layout_loops_cross, mainiacjoe_overflow_big_doors
D:8:      layout_rooms, kennysheep_mini_moat, uniq_pikel, uniq_erica,
          uniq_maggie

Skill      XL: |  1  2  3  4  5  6  7  8  9 |
---------------+----------------------------+-----
Dodging        | 3 4 5 6 |  6.6
Fighting       | 3 4 5 6 |  6.0
Unarmed Combat | 3 4 5 6 |  6.0
Spellcasting   | 3 4 5 |  5.0
Throwing       | |  0.7
Armour         | |  1.0

Action                   |  1- 3 |  4- 6 |  7- 9 || total
-------------------------+-------+-------+-------++-------
Melee: Unarmed           |    82 |       |       ||    82
       Punch             |     1 |     5 |     8 ||    14
       Whip              |       |    13 |       ||    13
       War axe           |       |    95 |   163 ||   258
Throw: Boomerang         |     3 |       |       ||     3
       Dart              |       |       |     6 ||     6
 Cast: Freeze            |    34 |    18 |       ||    52
       Confusing Touch   |       |       |     1 ||     1
  Use: Scroll            |     5 |       |     9 ||    14
       Potion            |       |     2 |     6 ||     8
 Stab: Confused          |       |       |     1 ||     1
Armor: Leather armour    |    29 |    44 |    56 ||   129
Dodge: Dodged            |    62 |   107 |   170 ||   339

Table legend: (Time is in decaauts)
 A = Elapsed time spent in this place.
 B = Non-inter-level travel time spent in this place.
 C = Inter-level travel time spent in this place.
 D = Time resting spent in this place.
 E = Time spent auto-exploring this place.
 F = Levels seen in this place.
 G = Mean time per level.
                   A        B        C        D        E       F      G
               +--------+--------+--------+--------+--------+-----+--------+
         Total |   7299 |   7143 |    156 |   1114 |   4296 |   9 |  811.0 |
       Dungeon |   6594 |   6438 |    156 |    806 |   4190 |   8 |  824.2 |
         Sewer |    704 |    704 |      0 |    308 |    106 |   1 |  704.0 |
               +--------+--------+--------+--------+--------+-----+--------+

Top non-repeatable levels by time:
     D:5: 1379 daAuts
     D:4: 1190 daAuts
     D:1: 1131 daAuts
     D:3: 1023 daAuts
     D:2: 986 daAuts
     D:7: 779 daAuts
   Sewer: 704 daAuts
     D:8: 103 daAuts
     D:6: 1 daAuts
